 Dungeon Crawl Stone Soup version 0.20-b1-2-gc5a9893 (webtiles) character file.

9383 MTVSty1e the Fighter (level 11, -1/104 HPs)
             Began as a Minotaur Fighter on May 21, 2017.
             Was a High Priest of Okawaru.
             Killed from afar by a lava snake (9 damage)
             ... with a glob of lava
             ... in a volcano.
             The game lasted 00:23:54 (10011 turns).

MTVSty1e the Fighter (Minotaur Fighter)            Turns: 10011, Time: 00:23:55

Health: -1/104     AC: 12    Str: 24    XL:     11   Next: 22%
Magic:  12/12      EV: 12    Int:  5    God:    Okawaru [*****.]
Gold:   283        SH: 12    Dex: 10    Spells: 10/10 levels left

rFire    + . .     SeeInvis .   p - +4 war axe (flame)
rCold    x . .     Gourm    .   c - +1 shield
rNeg     . . .     Faith    .   b - +0 scale mail
rPois    .         Spirit   .   (helmet restricted)
rElec    .         Reflect  .   (no cloak)
rCorr    .         Harm     .   (no gloves)
MR       +....                  D - +1 pair of boots
Stlth    ..........             B - amulet of rage
Regen    0.3/turn               h - ring of fire
MPRegen  0.2/turn               H - ring of protection from magic

@: no status effects
A: retaliatory headbutt, hooves 2, horns 2, icy blue scales 1, wild magic 1
a: Heroism, Finesse, Renounce Religion, Evoke Berserk Rage


You were in a volcano.
You worshipped Okawaru.
Okawaru was extremely pleased with you.
You were not hungry.

You visited 3 branches of the dungeon, and saw 12 of its levels.
You also visited: Volcano.

You collected 478 gold pieces.
You spent 195 gold pieces at shops.

Inventory:

Hand Weapons
 p - a +4 war axe of flaming (weapon)
Armour
 b - a +0 scale mail (worn)
 c - a +1 shield (worn)
 D - a +1 pair of boots (worn)
 J - the +1 chain mail of the Iron City of Dis {Int-2 Dex+2 SInv}
   (You acquired it on level 10 of the Dungeon)

   It affects your intelligence (-2).
   It affects your dexterity (+2).
   It lets you see invisible.
Jewellery
 g - a +2 ring of dexterity
 h - a ring of fire (left hand)
 v - an uncursed ring of magical power
 A - an uncursed ring of ice
 B - an amulet of rage (around neck)
 H - a ring of protection from magic (right hand)
Wands
 o - a wand of disintegration (9/24)
 s - a wand of paralysis (11/24)
 w - a wand of flame (0/48)
 y - a wand of confusion (24/48)
 F - a wand of disintegration (13/24)
 G - a wand of paralysis (8/24)
 I - a wand of lightning (10/15)
 L - a wand of confusion (18/48)
Scrolls
 a - 7 scrolls of teleportation
 e - 3 scrolls of remove curse
 i - 2 scrolls of recharging
 n - a scroll of identify
Potions
 d - 2 potions of might
 l - 3 potions of curing
 m - 2 potions of brilliance
 q - 5 potions of lignification
 r - a potion of cancellation
 t - 2 potions of flight
 u - a potion of haste {unknown}
 x - 2 potions of invisibility
 z - 3 potions of agility
 E - a potion of heal wounds {unknown}
Comestibles
 f - 9 bread rations
 j - 17 fruits
 C - 3 meat rations
 K - a royal jelly


   Skills:
 * Level 12.2 Fighting
 + Level 9.0 Axes
 + Level 8.6 Armour
 + Level 7.0 Dodging
 + Level 8.7 Shields
 + Level 3.6 Invocations
 + Level 3.5 Evocations


You had 10 spell levels left.
You didn't know any spells.

Dungeon Overview and Level Annotations

Branches:
Dungeon (10/15)            Temple (1/1) D:6            Lair (1/6) D:10
    Orc: D:9-12

Altars:
Ashenzari
Cheibriados
Dithmenos
Elyvilon
Fedhas
Gozag
Hepliaklqana
Kikubaaqudgha
Makhleb
Nemelex Xobeh
Okawaru
Qazlal
Ru
Sif Muna
Trog
Uskayaw
Vehumet
Xom
Yredelemnul
Zin
The Shining One

Shops:
D:6 =   D:8 [(:[!


Innate Abilities, Weirdness & Mutations

You reflexively headbutt those who attack you in melee.
You have a pair of horns on your head.
You have hoof-like feet.
You are partially covered in icy blue scales. (AC +2)
Your spells are a little harder to cast, but a little more powerful.


Message History

You block the lava snake's attack.
You hit the lava snake.
The lava snake is almost dead.
You are engulfed in blazing flames.
You resist.
* * * LOW HITPOINT WARNING * * *
The lava snake spits lava at you. The glob of lava hits you!
You partially resist.
* * * LOW HITPOINT WARNING * * *
Unknown command.
It was a potion of mutation.
You feel extremely strange.
You feel robust.
You feel less resistant to hostile enchantments.
Your magic regains its normal vibrancy.
You feel less in control of your magic.
Icy blue scales grow over part of your body.
Your feet thicken and deform.
You are engulfed in blazing flames.
You resist.
* * * LOW HITPOINT WARNING * * *
The lava snake spits lava at you. The glob of lava hits you!
You partially resist.
You die...

§§§§§§.§.....##
§.≈§§§≈≈§§§§§§........#
.§§§§§§§≈§§§≈§§......#
..§§§§§§≈≈§§§§≈......#
≈§§..§§§§§§§§§§....###
≈≈≈§§§§≈§§§§§.§...∩.∩#
≈≈≈§§§≈§§§§§§§§..#####
§§§§§≈§S§§..§§....#
≈§§§§§§@§§§§§.§.###
≈§§.§§§..§.§§§###
≈...........###
§§....####### ...### ##


You could see a lava snake.

Vanquished Creatures
  A centaur warrior (D:10)
  Pikel (D:5)
  A spiny frog (Lair:1)
  The ghost of NormalPerson7 the Digger, a novice KoEE of Vehumet (D:6)
  A troll (D:10)
  2 hippogriffs (Lair:1)
  A wraith (D:10)
  10 yaks
  2 hungry ghosts (D:10)
  2 water moccasins (D:6)
  A black bear (D:10)
  4 ice beasts
  An orc warrior (D:7)
  3 sky beasts
  2 phantoms
  5 ogres
  2 wolves (D:10)
  3 centaurs
  3 crocodiles
  Blork the orc (D:5)
  5 bullfrogs
  A water moccasin zombie (D:8)
  6 scorpions
  5 wights (D:10)
  7 electric eels
  2 howler monkeys
  4 crimson imps
  3 lava snakes (Volcano)
  5 quasits
  2 bullfrog zombies
  9 hounds
  6 orc wizards
  A centaur skeleton (D:9)
  6 orc priests
  A jelly (D:9)
  Ijyb (D:3)
  2 iguanas
  13 worker ants
  3 gnolls (D:10)
  7 adders
  2 adder skeletons
  An adder zombie (D:9)
  3 worms
  A dart slug (D:1)
  4 leopard geckos
  28 orcs
  7 bats
  6 giant cockroaches
  4 goblins
  5 hobgoblins
  3 jackals (D:10)
  6 quokkas
  2 ball pythons
  3 frilled lizards
  A jackal skeleton (D:4)
  9 kobolds
  2 leopard gecko skeletons
  8 rats
  A fungus (Lair:1)
232 creatures vanquished.

Vanquished Creatures (others)
  2 vampire mosquitoes (D:8)
2 creatures vanquished.

Grand Total: 234 creatures vanquished

Notes
Turn   | Place    | Note
-------+----------+-------------------------------------------
     0 | D:1      | MTVSty1e the Minotaur Fighter began the quest for the Orb.
     0 | D:1      | Reached XP level 1. HP: 19/19 MP: 0/0
   152 | D:1      | Reached XP level 2. HP: 23/27 MP: 1/1
   293 | D:1      | Reached skill level 4 in Fighting
   734 | D:2      | Reached XP level 3. HP: 22/33 MP: 2/2
   974 | D:2      | Found a bloodstained altar of Trog.
  1286 | D:3      | Noticed Ijyb
  1302 | D:3      | Killed Ijyb
  1302 | D:3      | Reached skill level 1 in Dodging
  1302 | D:3      | Reached XP level 4. HP: 37/41 MP: 3/3
  1567 | D:3      | Reached skill level 5 in Fighting
  1669 | D:3      | Reached XP level 5. HP: 20/48 MP: 4/4
  1993 | D:3      | Found a glowing golden altar of the Shining One.
  2384 | D:4      | Reached XP level 6. HP: 57/57 MP: 5/5
  2503 | D:4      | Reached skill level 6 in Fighting
  3261 | D:5      | Entered Level 5 of the Dungeon
  3264 | D:5      | Reached skill level 5 in Armour
  3338 | D:5      | Reached XP level 7. HP: 64/64 MP: 6/6
  3453 | D:5      | Reached skill level 5 in Shields
  3493 | D:5      | Noticed Pikel
  3505 | D:5      | Killed Pikel
  3505 | D:5      | Reached skill level 7 in Fighting
  3505 | D:5      | Reached skill level 5 in Axes
  3505 | D:5      | Reached XP level 8. HP: 43/74 MP: 7/7
  3677 | D:5      | Noticed Blork the orc
  3692 | D:5      | Killed Blork the orc
  3694 | D:5      | Reached skill level 8 in Fighting
  4100 | D:6      | Found a staircase to the Ecumenical Temple.
  4148 | Temple   | Entered the Ecumenical Temple
  4337 | Temple   | Became a worshipper of Warmaster Okawaru
  4594 | D:6      | Found Rawarr's Jewellery Shop.
  4679 | D:6      | Found a shattered altar of Ashenzari.
  4811 | D:6      | Reached skill level 9 in Fighting
  4918 | D:6      | Noticed NormalPerson7's ghost (novice KoEE)
  4935 | D:6      | Killed NormalPerson7's ghost
  4935 | D:6      | Reached * piety under Okawaru
  4935 | D:6      | Reached XP level 9. HP: 69/83 MP: 8/8
  5683 | D:7      | Reached skill level 5 in Dodging
  5691 | D:7      | Gained mutation: You have large cloven feet. [mutagenic meat]
  5692 | D:7      | Gained mutation: You are frail. (-10% HP) [mutagenic meat]
  5694 | D:7      | Gained mutation: Your spells are a little easier to cast, but a little less powerful. [mutagenic meat]
  5695 | D:7      | Gained mutation: You are resistant to hostile enchantments. (MR+) [mutagenic meat]
  5951 | D:7      | Reached skill level 10 in Fighting
  6014 | D:7      | Found a shimmering altar of Xom.
  6025 | D:7      | Found a hazy altar of Hepliaklqana.
  6026 | D:7      | Noticed a spectral ugly thing
  6256 | D:8      | Reached ** piety under Okawaru
  6319 | D:8      | Found Keseitzo's Weapon Shop.
  6347 | D:8      | Found Menuitin's Antique Armour Boutique.
  6368 | D:8      | Bought a pair of runed boots for 195 gold pieces
  6583 | D:8      | Found Pest's Distillery.
  6649 | D:8      | Found a radiant altar of Vehumet.
  6651 | D:8      | Found Qecuwk's Antique Armour Shop.
  6825 | D:8      | Found Jaskeip's Book Shoppe.
  6895 | D:9      | Reached *** piety under Okawaru
  6898 | D:9      | Reached XP level 10. HP: 42/84 MP: 9/9
  7274 | D:9      | Reached skill level 1 in Evocations
  7614 | D:9      | Reached skill level 1 in Invocations
  7792 | D:10     | Entered Level 10 of the Dungeon
  8108 | D:10     | Reached skill level 11 in Fighting
  8591 | D:10     | Noticed a centaur warrior
  8602 | D:10     | Killed a centaur warrior
  8812 | D:10     | Found a staircase to the Lair.
  8859 | D:10     | Reached **** piety under Okawaru
  9374 | D:10     | Identified a scroll of acquirement
  9375 | D:10     | Got a crude chain mail
  9389 | D:10     | Identified the +1 chain mail of the Iron City of Dis {Int-2 Dex+2 SInv} (You acquired it on level 10 of the Dungeon)
  9419 | D:10     | Reached XP level 11. HP: 80/93 MP: 12/12
  9657 | Lair:1   | Entered Level 1 of the Lair of Beasts
  9688 | Lair:1   | Reached skill level 12 in Fighting
  9736 | Lair:1   | Reached ***** piety under Okawaru
  9917 | Lair:1   | Found a dark tunnel.
  9948 | Volcano  | Entered a volcano
 10011 | Volcano  | Lost mutation: You are frail. (-10% HP) [potion of mutation]
 10011 | Volcano  | Lost mutation: You are resistant to hostile enchantments. (MR+) [potion of mutation]
 10011 | Volcano  | Lost mutation: Your spells are a little easier to cast, but a little less powerful. [potion of mutation]
 10011 | Volcano  | Gained mutation: Your spells are a little harder to cast, but a little more powerful. [potion of mutation]
 10011 | Volcano  | Gained mutation: You are partially covered in icy blue scales. (AC +2) [potion of mutation]
 10011 | Volcano  | Gained mutation: You have hoof-like feet. [potion of mutation]
 10011 | Volcano  | Killed from afar by a lava snake

Skill      XL: |  1  2  3  4  5  6  7  8  9 10 11 |
---------------+----------------------------------+-----
Fighting       | 4 5 6 7 9 10 11 12 | 12.2
Shields        | 4 5 6 7 8 |  8.7
Axes           | 3 4 5 6 7 8 9 |  9.0
Armour         | 4 5 6 7 8 |  8.6
Dodging        | 1 2 3 4 5 6 7 |  7.0
Evocations     | 3 |  3.5
Invocations    | 3 |  3.6

Action                   |  1- 3 |  4- 6 |  7- 9 | 10-12 || total
-------------------------+-------+-------+-------+-------++-------
Melee: War axe           |   101 |    80 |   213 |   202 ||   596
       Headbutt          |    11 |    10 |    33 |    36 ||    90
       Kick              |       |       |     7 |       ||     7
Invok: Heroism           |       |       |       |     1 ||     1
 Abil: Evoke Berserk Rag |       |       |       |     1 ||     1
Evoke: Wand              |       |       |       |    12 ||    12
  Use: Scroll            |       |    10 |     6 |     5 ||    21
       Potion            |       |       |     1 |     1 ||     2
 Stab: Paralysed         |       |       |       |     2 ||     2
  Eat: Meat ration       |     1 |     1 |     1 |     2 ||     5
       Royal jelly       |       |       |     4 |     2 ||     6
       Chunk             |       |       |     5 |       ||     5
Armor: Scale mail        |    40 |    18 |    87 |    55 ||   200
       Chain mail        |       |       |       |     1 ||     1
Dodge: Dodged            |    29 |    19 |    76 |    61 ||   185
Block: Shield            |    48 |    41 |   153 |   127 ||   369
